 Dungeon Crawl Stone Soup version 0.27-a0-1181-g5f64966fcc (webtiles) character file.

Game seed: 13986553300506748368

266 bilbop the Magician (level 6, -1/43 HPs)
             Began as a Djinni Venom Mage on May 17, 2021.
             Slain by an ufetubus (4 damage)
             ... on level 4 of the Dungeon.
             The game lasted 00:14:26 (4699 turns).

bilbop the Magician (Djinni Venom Mage)             Turns: 4699, Time: 00:14:26

Health: -1/43      AC:  4    Str:  7    XL:     6   Next: 44%
Gold:   111        EV: 11    Int: 17    God:
                   SH:  0    Dex: 15

rFire    + + .     SeeInvis .   e - +0 dagger (speed)
rCold    x . .     Faith    .   (no shield)
rNeg     . . .     Spirit   .   p - +0 leather armour
rPois    ∞         Reflect  .   (no helmet)
rElec    .         Harm     .   o - +0 cloak
rCorr    .         Rampage  .   (no gloves)
Will     +....                  (boots unavailable)
Stlth    ++........             (no amulet)
HPRegen  0.14/turn              g - ring of willpower
MPRegen  0.00/turn              (no ring)

@: flying
A: sickness immunity, fire resistance 2, cold vulnerability 1, float, innate
caster, hp casting, extra vitality 1
a: no special abilities


You were on level 4 of the Dungeon.
You visited 1 branch of the dungeon, and saw 4 of its levels.

You collected 111 gold pieces.

Inventory:

Hand Weapons
 e - a +0 dagger of speed (weapon)
 m - a +1 short sword of draining
Armour
 a - a +0 robe
 o - a +0 cloak (worn)
 p - a +0 leather armour (worn)
Jewellery
 g - a ring of willpower (left hand)
Scrolls
 c - 3 scrolls of fog {unknown}
 d - 4 scrolls of identify {unknown}
 f - a scroll of teleportation {unknown}
 i - 2 scrolls of brand weapon {unknown}
 n - a scroll of enchant weapon {unknown}
Potions
 b - 2 potions of curing {unknown}
 h - 2 potions of degeneration {unknown}
 j - a potion of invisibility {unknown}
 k - a potion of heal wounds
 l - a potion of might {unknown}


   Skills:
 + Level 1.7 Fighting
 + Level 1.6 Short Blades
 - Level 2.1 Dodging
 + Level 2.4 Stealth
 + Level 1.9 Shields
 * Level 3.5 Spellcasting
 + Level 2.0 Invocations


You couldn't memorise any spells.
You knew the following spells:

 Your Spells              Type           Power      Damage    Failure   Level
a - Sting                 Tmut/Pois      60%        1d6       6%          1
b - Poisonous Vapours     Pois/Air       30%        N/A       9%          2
c - Mephitic Cloud        Conj/Pois/Air  15%        N/A       17%         3
d - Ignite Poison         Fire/Tmut/Pois 15%        N/A       17%         3
e - Olgreb's Toxic Radia  Pois           15%        N/A       50%         4
f - Summon Small Mammal   Summ           60%        N/A       6%          1
g - Call Imp              Summ           15%        N/A       9%          2
Your spell library was empty.

Dungeon Overview and Level Annotations

Branches:
Dungeon (4/15)
 Temple: D:4-7

Altars:
Wu Jian


Innate Abilities, Weirdness & Mutations

You are immune to sickness and miasma.
You are immune to poison.
Your flesh is very heat resistant. (rF++)
You are vulnerable to cold. (rC-)
You float through the air rather than walking.
You learn spells naturally, not from books.
Your magical power is your life essence.
You have superior vitality. (+4 HP)


Message History

Confirm with . or Enter, or press ? or * to list all spells.
A beastly little devil appears in a puff of flame.
* * * LOW HITPOINT WARNING * * *
The ufetubus hits you.
* * * LOW HITPOINT WARNING * * *
The ufetubus closely misses you.
Your crimson imp closely misses the ufetubus.
The ufetubus barely misses you. The ufetubus hits you.
* * * LOW HITPOINT WARNING * * *
The ufetubus barely misses you. The ufetubus misses you.
Your crimson imp completely misses the ufetubus.
The ufetubus closely misses you. x2
Your magical contamination has completely faded away.
Casting: Call Imp (safe; 9% risk of failure)
Confirm with . or Enter, or press ? or * to list all spells.
A beastly little devil appears in a puff of flame.
* * * LOW HITPOINT WARNING * * *
The ufetubus hits you.
* * * LOW HITPOINT WARNING * * *
The ufetubus hits you but does no damage.
The ufetubus hits you.
* * * LOW HITPOINT WARNING * * *
The ufetubus hits you but does no damage.
Your crimson imp hits the ufetubus.
Your crimson imp barely misses the ufetubus.
The ufetubus closely misses you. The ufetubus barely misses you.
Your crimson imp misses the ufetubus.
Your crimson imp blinks!
The ufetubus barely misses you. x2
Your crimson imp blinks!
The ufetubus barely misses you. The ufetubus hits you.
* * * LOW HITPOINT WARNING * * *
Your crimson imp blinks! x2
Casting: Call Imp (safe; 9% risk of failure)
Confirm with . or Enter, or press ? or * to list all spells.
* * * LOW HITPOINT WARNING * * *
The ufetubus hits you but does no damage.
The ufetubus closely misses you. The ufetubus closely misses you.
The ufetubus hits you.
You die...

##.## #.#........# .#
#..# #.#........###.#
##.# #.#............#
#.###.#...5........#
#..##..............#
##.##..............#
#
#..#...#.##.......##.
#
##.......5...........
#
##........55@.......
#..###.#.r....#....
... ##.# #.########
## .._ #.# #.# ...
#.# #.# .. ..# #.# .
.# #.#


You could see an ufetubus (ally target), 3 friendly crimson imps and a friendly
rat (summoned).

Vanquished Creatures
  A scorpion (D:4)
  A hound (D:4)
  An iguana (D:4)
  7 gnolls
  2 adders (D:2)
  A worm (D:4)
  3 dart slugs
  4 ball pythons
  8 bats
  5 endoplasms
  4 giant cockroaches
  7 goblins
  7 hobgoblins
  4 jackals (D:2)
  4 frilled lizards
  5 kobolds
  3 rats
67 creatures vanquished.

Vanquished Creatures (collateral kills)
  2 jackals (D:2)
2 creatures vanquished.

Grand Total: 69 creatures vanquished

Notes
Turn   | Place    | Note
-------+----------+-------------------------------------------
     0 | D:1      | bilbop the Djinni Venom Mage began the quest for the Orb.
     0 | D:1      | Reached XP level 1. HP: 15/15 MP: 0/0
   240 | D:1      | Reached XP level 2. HP: 14/22 MP: 0/0
  1164 | D:1      | Reached XP level 3. HP: 25/26 MP: 0/0
  1164 | D:1      | Learned a level 1 spell: Summon Small Mammal
  1948 | D:2      | Reached skill level 1 in Invocations
  2140 | D:2      | Reached skill level 1 in Shields
  2140 | D:2      | Reached XP level 4. HP: 16/31 MP: 0/0
  2275 | D:2      | Reached skill level 1 in Fighting
  2275 | D:2      | Reached skill level 3 in Spellcasting
  2301 | D:2      | Reached skill level 1 in Short Blades
  2927 | D:2      | Reached XP level 5. HP: 22/37 MP: 0/0
  2927 | D:2      | Learned a level 2 spell: Call Imp
  4411 | D:4      | Found an ornate altar of the Wu Jian Council.
  4547 | D:4      | Reached XP level 6. HP: 37/42 MP: 0/0
  4699 | D:4      | Slain by an ufetubus

Illustrated notes

Levels and vault maps discovered:
D:1:      matt_arrival_grand_opening, layout_basic
D:2:      layout_basic, st_stairs_6
D:3:      layout_loops_ring
D:4:      layout_basic, nzn_wu_jian_council_hall, kennysheep_mini,
          nicolae_ossuary_entry_monument

Skill      XL: |  1  2  3  4  5  6 |
---------------+-------------------+-----
Invocations    | 1 2 |  2.0
Shields        | 1 |  1.9
Fighting       | 1 |  1.7
Stealth        | 2 |  2.4
Spellcasting   | 3 |  3.5
Short Blades   | 1 |  1.6
Dodging        | |  2.1

Action                   |  1- 3 |  4- 6 || total
-------------------------+-------+-------++-------
Melee: Dagger            |    25 |    52 ||    77
       Unarmed           |     1 |       ||     1
 Cast: Sting             |    40 |    14 ||    54
       Poisonous Vapours |     4 |    32 ||    36
       Summon Small Mamm |       |     2 ||     2
       Call Imp          |       |     9 ||     9
       Ignite Poison     |       |     3 ||     3
       Mephitic Cloud    |       |     2 ||     2
 Stab: Sleeping          |     2 |     2 ||     4
Armor: Robe              |    18 |     7 ||    25
       Leather armour    |       |     8 ||     8
Dodge: Dodged            |    24 |    51 ||    75

Table legend: (Time is in decaauts)
 A = Elapsed time spent in this place.
 B = Non-inter-level travel time spent in this place.
 C = Inter-level travel time spent in this place.
 D = Time resting spent in this place.
 E = Time spent auto-exploring this place.
 F = Levels seen in this place.
 G = Mean time per level.
                   A        B        C        D        E       F      G
               +--------+--------+--------+--------+--------+-----+--------+
         Total |   4670 |   4594 |     76 |   1185 |   2985 |   4 | 1167.5 |
       Dungeon |   4670 |   4594 |     76 |   1185 |   2985 |   4 | 1167.5 |
               +--------+--------+--------+--------+--------+-----+--------+

Top non-repeatable levels by time:
     D:2: 1603 daAuts
     D:1: 1546 daAuts
     D:3: 1146 daAuts
     D:4: 374 daAuts
